 Dungeon Crawl Stone Soup version 0.24.1-4-ge52af88ad5 (webtiles) character file.

Game seed: 14215993030102559208, levelgen mode: deterministic

6433 MajorAdolf the Cleaver (level 10, -4/84 HPs)
             Began as a Naga Wanderer on Apr 13, 2020.
             Was an Initiate of Gozag.
             Killed by the air
             ... invoked by Gastronok
              (41 damage)
             ... on level 11 of the Dungeon.
             The game lasted 00:32:09 (17264 turns).

MajorAdolf the Cleaver (Naga Wanderer)             Turns: 17264, Time: 00:32:10

Health: -4/84      AC: 15    Str: 18    XL:     10   Next: 99%
Magic:  14/14      EV:  8    Int: 12    God:    Gozag
Gold:   494        SH:  3    Dex: 11    Spells: 15/15 levels left

rFire    . . .     SeeInvis +   v - +0 war axe
rCold    . . .     Gourm    .   J - +0 buckler
rNeg     . . .     Faith    .   H - +3 scale mail "Qetycece" {+Inv Stlth+}
rPois    +         Spirit   .   o - +0 helmet
rElec    .         Reflect  .   k - scarf {repulsion}
rCorr    .         Harm     .   (no gloves)
MR       +....                  (no barding)
Stlth    +.........             y - amulet of magic regeneration
HPRegen  0.24/turn              d - +3 ring of protection
MPRegen  0.39/turn              (no ring)

@: slowed, repel missiles, very slow
A: large, see invisible, deformed body, poison resistance, slowness 2, slow
metabolism 1, spit poison 1, AC +3
a: Spit Poison, Potion Petition, Call Merchant, Bribe Branch, Renounce Religion,
Evoke Invisibility


You were on level 11 of the Dungeon.
You worshipped Gozag.
Gozag was aware of your devotion.
You were not hungry.

You visited 2 branches of the dungeon, and saw 12 of its levels.

You collected 871 gold pieces.
You spent 234 gold pieces at shops.
You paid 143 gold pieces to Gozag.

Inventory:

Hand Weapons
 v - a +0 war axe (weapon)
Armour
 k - a scarf of repulsion (worn)
 o - a +0 helmet (worn)
 H - the +3 scale mail "Qetycece" (worn) {+Inv Stlth+}
   (You bought it in a shop on level 9 of the Dungeon)

   It lets you turn invisible.
   It makes you more stealthy.
 J - a +0 buckler (worn)
Jewellery
 d - a +3 ring of protection (left hand)
 y - an amulet of magic regeneration (around neck)
Wands
 n - a wand of acid (5)
 r - a wand of iceblast (1)
 t - a wand of flame (18)
 C - a wand of random effects (16)
 G - a wand of enslavement (8)
Scrolls
 a - 4 scrolls of teleportation
 b - 3 scrolls of fear
 c - a scroll of blinking
 e - a scroll of enchant armour {unknown}
 g - 8 scrolls of identify
 h - 7 scrolls of remove curse
 l - a scroll of amnesia
 m - 2 scrolls of fog
 z - 2 scrolls of enchant weapon
 B - 2 scrolls of noise {unknown}
 F - 3 scrolls of magic mapping {unknown}
 L - a scroll of brand weapon {unknown}
Potions
 i - 4 potions of curing
 j - 2 potions of cancellation
 p - a potion of degeneration {unknown}
 q - a potion of flight
 s - a potion of brilliance
 u - a potion of lignification {unknown}
 w - a potion of experience {unknown}
 x - 3 potions of heal wounds
 A - a potion of magic {unknown}
 D - 2 potions of ambrosia {unknown}
 E - 2 potions of agility
 I - a potion of mutation {unknown}
Miscellaneous
 K - a box of beasts
Comestibles
 f - 20 rations


   Skills:
 + Level 3.1 Fighting
 * Level 10.2 Axes
 - Level 1.0 Throwing
 + Level 7.3 Armour
 + Level 4.2 Dodging
 - Level 1.5 Stealth
 + Level 0.7 Shields
 - Level 3.0 Spellcasting
   Level 2.0 Translocations
   Level 3.0 Ice Magic
 * Level 6.2 Evocations


You had 15 spell levels left.
You didn't know any spells.
Your spell library contained the following spells:

 Spells                   Type           Power        Failure   Level  Hunger
 Freeze                   Ice            #...         28%         1    #......
 Apportation              Tloc           #.....       41%         1    #......
 Blink                    Tloc           N/A          54%         2    ###....
 Throw Frost              Conj/Ice       #.....       63%         2    ###....
 Animate Skeleton         Necr           N/A          69%         1    #......
 Confusing Touch          Hex            #.....       69%         1    #......
 Summon Small Mammal      Summ           #...         69%         1    #......
 Shroud of Golubria       Chrm/Tloc      #.....       69%         2    ###....
 Lesser Beckoning         Tloc           #.........   78%         3    ###....
 Ozocubu's Armour         Chrm/Ice       #.......     85%         3    ###....
 Summon Ice Beast         Ice/Summ       #.......     99%         4    #####..
 Throw Icicle             Conj/Ice       #.......     99%         4    #####..


Dungeon Overview and Level Annotations

Branches:
Dungeon (11/15)            Temple (1/1) D:6            Lair (0/6) D:10
    Orc: D:9-12

Altars:
Ashenzari
Cheibriados
Dithmenos
Elyvilon
Fedhas
Gozag
Hepliaklqana
Kikubaaqudgha
Makhleb
Nemelex Xobeh
Okawaru
Qazlal
Ru
Sif Muna
Trog
Uskayaw
Vehumet
Wu Jian
Xom
Yredelemnul
Zin
The Shining One

Shops:
D:9 [

Annotations:
D:2 1 runed translucent door, Crazy Yiuf
D:3 2 transporters, Kahsius's ghost, amateur TrBe
D:6 2 transporters, njkz1's ghost, novice DrTm
D:10 exclusion: oklob plant
D:11 Gastronok


Innate Abilities, Weirdness & Mutations

You cannot wear boots.
Your serpentine skin is tough. (AC +3)
You have supernaturally acute eyesight. (SInv)
Armour fits poorly on your strangely shaped body.
Your system is resistant to poisons. (rPois)
You cover ground very slowly.
You have a slow metabolism.
You can spit poison.


Message History

Gastronok is moderately wounded.
Gastronok bites you but does no damage.
You hit Gastronok.
Gastronok is moderately wounded.
Gastronok bites you but does no damage.
You hit Gastronok.
Gastronok is moderately wounded.
Gastronok's eyestalks stretch out, then return to normal size.
You hit Gastronok but do no damage.
Gastronok is moderately wounded.
You slash Gastronok!
Gastronok is moderately wounded.
Gastronok bites you!!
You hit Gastronok.
Gastronok is moderately wounded.
Gastronok bites you!
Gastronok waves his eye-stalks in wide circles.
The air twists around and strikes you!!!
You die...
Your body crumbles into a pile of gold.

#...........>....
#................
#................
#................
######................
#.............#######.
#.............'.....#
#.........#####.....#
##.........#....@....#
...........#....w....#
#######....#.........#
#.....'....#.........#
+...[.#....#.........#
#.....#....#####+#####
#######........
...............
####...........


You could see Gastronok.

Vanquished Creatures
  Pikel (D:7)
  A hippogriff (D:4)
  A spriggan (D:7)
  A vampire (D:11)
  3 yaks (D:11)
  An acid dragon (D:11)
  A water moccasin (Temple)
  A black bear (D:8)
  4 orc warriors
  2 slaves (D:7)
  6 sky beasts
  2 ice beasts
  2 necrophages
  2 phantoms
  4 boggarts
  5 ogres
  7 centaurs
  2 big kobolds
  2 bullfrogs
  5 wights (D:7)
  3 howler monkeys (D:8)
  A bullfrog zombie (D:8)
  7 crimson imps
  A gnoll shaman (Temple)
  6 jellies
  4 hounds
  2 bullfrog skeletons
  2 orc priests
  6 orc wizards
  Terence (D:2)
  3 iguanas
  4 worker ants
  A hound skeleton (D:7)
  2 worker ant zombies
  Robin (D:2)
  15 gnolls
  8 adders
  A river rat (D:4)
  2 shadow imps
  An ooze (D:4)
  An adder skeleton (D:7)
  An adder zombie (D:7)
  2 worms (D:3)
  A dart slug (D:1)
  5 leopard geckos
  26 orcs
  13 bats
  5 giant cockroaches
  8 hobgoblins
  15 jackals
  2 quokkas
  A ball python (D:5)
  3 frilled lizards
  17 goblins
  15 kobolds
  A leopard gecko zombie (D:6)
  10 rats
250 creatures vanquished.

Vanquished Creatures (others)
  Joseph (D:7)
  A slave (D:7)
  A worker ant (D:7)
3 creatures vanquished.

Grand Total: 253 creatures vanquished

Notes
Turn   | Place    | Note
-------+----------+-------------------------------------------
     0 | D:1      | MajorAdolf the Naga Wanderer began the quest for the Orb.
     0 | D:1      | MajorAdolf set off with the following items: a +0 club, a
                  | +0 robe, a ration; and the following spells available to
                  | memorise: Freeze, Apportation, Blink, Throw Frost, Shroud
                  | of Golubria, Lesser Beckoning, Ozocubu's Armour, Summon Ice
                  | Beast, Throw Icicle
     0 | D:1      | Reached XP level 1. HP: 15/15 MP: 4/4
   102 | D:1      | Reached skill level 1 in Armour
   118 | D:1      | Reached XP level 2. HP: 22/22 MP: 6/6
   703 | D:1      | Reached XP level 3. HP: 11/28 MP: 7/7
  1442 | D:2      | Noticed Robin
  1753 | D:2      | Killed Robin
  1753 | D:2      | Reached XP level 4. HP: 35/36 MP: 8/8
  1964 | D:2      | Found a runed translucent door.
  1965 | D:2      | Noticed Crazy Yiuf
  1996 | D:2      | Noticed Terence
  2076 | D:2      | Killed Terence
  2486 | D:3      | You fall into a shaft and drop 3 floors!
  2490 | D:6      | Noticed an ogre
  2490 | D:6      | Noticed a sky beast
  2490 | D:6      | Noticed a sky beast
  2490 | D:6      | Noticed a water moccasin
  2495 | D:6      | Noticed a centaur
  2499 | D:5      | Entered Level 5 of the Dungeon
  2629 | D:5      | Found a sacrificial altar of Ru.
  2934 | D:4      | Reached XP level 5. HP: 34/42 MP: 9/9
  3035 | D:4      | Noticed an ogre
  3049 | D:4      | Killed an ogre
  3054 | D:4      | Noticed a hippogriff
  3064 | D:4      | HP: 2/42 [hippogriff (7)]
  3079 | D:4      | HP: 1/42 [hippogriff (6)]
  3082 | D:4      | Killed a hippogriff
  3082 | D:4      | Reached skill level 5 in Armour
  3082 | D:4      | Reached XP level 6. HP: 6/49 MP: 10/10
  3542 | D:3      | Found a transporter.
  3587 | D:3      | Found a stormy altar of Qazlal.
  3633 | D:3      | Noticed Kahsius's ghost (amateur TrBe)
  3724 | D:3      | Found a transporter.
  3919 | D:3      | Reached XP level 7. HP: 31/55 MP: 11/11
  3925 | D:3      | Reached skill level 1 in Evocations
  4953 | D:4      | Got a scorched scale mail
  4954 | D:4      | Identified the +1 scale mail of the First Snow {rElec MR+
                  | Str-5} (You found it on level 4 of the Dungeon)
  5031 | D:5      | Reached skill level 1 in Axes
  5525 | D:5      | Reached skill level 2 in Axes
  6153 | D:6      | Reached skill level 3 in Axes
  6247 | D:6      | Found a staircase to the Ecumenical Temple.
  6257 | Temple   | Entered the Ecumenical Temple
  6275 | Temple   | Reached skill level 4 in Axes
  6697 | Temple   | Reached XP level 8. HP: 13/62 MP: 12/12
  6954 | Temple   | Reached skill level 5 in Axes
  7129 | D:6      | Found a transporter.
  7305 | D:6      | Noticed njkz1's ghost (novice DrTm)
  7393 | D:6      | Reached skill level 6 in Axes
  7482 | D:6      | Found a transporter.
  7755 | D:6      | Reached skill level 7 in Axes
  8544 | D:7      | Reached skill level 8 in Axes
  8547 | D:7      | Killed Joseph
  8640 | D:7      | Reached XP level 9. HP: 28/68 MP: 13/13
  8856 | D:7      | Reached skill level 1 in Dodging
  9801 | D:7      | Found a white marble altar of Elyvilon.
  9801 | D:7      | Found a shattered altar of Ashenzari.
  9803 | D:7      | Noticed Pikel
  9805 | D:7      | Found a shimmering blue altar of Sif Muna.
 10487 | D:7      | Killed Pikel
 10770 | D:7      | Found an opulent altar of Gozag.
 11120 | D:8      | Reached skill level 9 in Axes
 11769 | D:8      | Reached XP level 10. HP: 65/76 MP: 14/14
 11842 | D:8      | Reached skill level 1 in Fighting
 13503 | D:9      | Reached skill level 5 in Evocations
 13590 | D:9      | Found a bloodstained altar of Trog.
 13598 | D:9      | Found Enecej's Antique Armour Boutique.
 13813 | D:7      | Became a worshipper of Gozag Ym Sagoz the Greedy
 13976 | D:9      | Bought a jet-encrusted scale mail for 234 gold pieces
 13978 | D:9      | Identified the +3 scale mail "Qetycece" {+Inv Stlth+} (You
                  | bought it in a shop on level 9 of the Dungeon)
 14360 | D:10     | Entered Level 10 of the Dungeon
 15005 | D:10     | HP: 2/79 [orc warrior/+0 glaive of chopping (3)]
 15599 | D:10     | Noticed an oklob plant
 15635 | D:10     | Found a staircase to the Lair.
 16081 | D:11     | Reached skill level 10 in Axes
 16863 | D:11     | Noticed a manticore
 17248 | D:11     | Noticed Gastronok
 17264 | D:11     | Killed from afar by Gastronok

Levels and vault maps discovered:
D:1:      minmay_arrival_stair_chambers, layout_rooms
D:2:      layout_rooms, uniq_crazy_yiuf_cottage, uniq_terence, uniq_robin
D:3:      layout_basic, gammafunk_ghost_stat_death, minmay_misc_feat_iff,
          nrook_campfire, grunt_qazlal_sundering
D:4:      layout_loops_corners, first_ration, gup_sewer_entry_bubbles,
          eino_tiny_chamber
D:5:      layout_loops_corners, old_standard_altar
D:6:      layout_cave_pods, minmay_temple_entry_sparse_star,
          gammafunk_ghost_stat_death
D:7:      minmay_spotlight, layout_basic, nicolae_overflow_quartered_altars,
          eino_tiny_chamber, the_bakery, lemuel_flamethrower_2, uniq_pikel,
          uniq_joseph
D:8:      layout_basic, roderic_batcave, hangedman_decor_slide_cut,
          kennysheep_generic_room_13
D:9:      layout_irregular_city, overflow_temple_1_default, serial_shops, shop,
          serial_glass, glass_columns_a, glass_columns_c, glass_columns_b,
          glass_columns_b, glass_columns_a, glass_columns_a,
          minmay_strange_pillars, feat_on_display
D:10:     layout_rooms, dpeg_oklobed_lair, minmay_orc_keep
D:11:     layout_irregular_city, uniq_gastronok
Temple:   regret_index_temple_sphere_string

Skill      XL: |  1  2  3  4  5  6  7  8  9 10 |
---------------+-------------------------------+-----
Armour         | 1 2 3 5 6 7 |  7.3
Evocations     | 1 4 6 |  6.2
Axes           | 4 8 9 10 | 10.2
Dodging        | 3 4 |  4.2
Fighting       | 3 |  3.1
Throwing       | |  1.0
Stealth        | |  1.5
Shields        | |  0.7
Spellcasting   | |  3.0
Translocations | |  2.0
Ice Magic      | |  3.0

Action                   |  1- 3 |  4- 6 |  7- 9 | 10-12 || total
-------------------------+-------+-------+-------+-------++-------
Melee: Unarmed           |     1 |       |       |       ||     1
       Short sword       |    54 |   144 |    12 |       ||   210
       Hand axe          |       |       |   321 |       ||   321
       War axe           |       |       |   394 |   485 ||   879
 Abil: Spit Poison       |    51 |    26 |    24 |     1 ||   102
       Evoke Invisibilit |       |       |       |     2 ||     2
Evoke: Wand              |       |       |    11 |    13 ||    24
  Use: Scroll            |     6 |     6 |     1 |     4 ||    17
       Potion            |       |     6 |       |     2 ||     8
 Stab: Sleeping          |     1 |       |       |       ||     1
       Invisible         |       |       |       |     5 ||     5
       Distracted        |       |       |       |     1 ||     1
  Eat: Chunk             |     4 |     8 |    15 |     2 ||    29
       Ration            |       |       |     2 |     4 ||     6
Armor: Robe              |    30 |     1 |       |       ||    31
       Scale mail        |       |    89 |   361 |   163 ||   613
       Chain mail        |       |       |     6 |       ||     6
       Plate armour      |       |       |   152 |   235 ||   387
Dodge: Dodged            |    54 |    81 |   232 |   168 ||   535
       Deflected         |       |       |     5 |    12 ||    17
Block: Buckler           |       |       |       |     7 ||     7
